 Dungeon Crawl Stone Soup version 0.31-a0-1547-g618ab1f346 (webtiles) character file.

Game seed: 10895060538481908708

142 Flugslaktarn the Apothecary (level 5, -2/31 HPs)
             Began as an Octopode Alchemist on Jan 3, 2024.
             Slain by a +1 spectral club (6 damage)
             ... created by Ijyb
             ... on level 4 of the Dungeon.
             The game lasted 00:01:21 (555 turns).

Flugslaktarn the Apothecary (Octopode Alchemist)     Turns: 555, Time: 00:01:22

Health: -2/31      AC:  1    Str:  7    XL:     5   Next: 25%
Magic:  3/9        EV: 12    Int: 19    God:
Gold:   27         SH:  6    Dex: 13    Spells: 5/10 levels left

rFire   . . .        d - +0 rapier
rCold   . . .        c - +2 buckler
rNeg    . . .        (helmet restricted)
rPois   .            (no amulet)
rElec   .            (no ring)
rCorr   .            (no ring)
SInv    .            (no ring)
Will    .....        (no ring)
Stlth   +++          (no ring)
HPRegen 0.25/turn    (no ring)
MPRegen 0.11/turn    (no ring)
                     (no ring)

%: no passive effects
@: very slightly contaminated
A: almost no armour, amphibious, 8 rings, camouflage 1, gelatinous body 1,
(nimble swimmer 1), tentacles
a: no special abilities


You were on level 4 of the Dungeon.
You visited 1 branch of the dungeon, and saw 4 of its levels.

You collected 27 gold pieces.

Inventory:

Hand Weapons
 d - a +0 rapier (weapon)
   (You found it on level 2 of the Dungeon)
Armour
 c - a +2 buckler (worn)
   (You found it on level 2 of the Dungeon)
Wands
 f - a wand of paralysis (7)
   (You found it on level 4 of the Dungeon)
Scrolls
 b - a scroll of amnesia {unknown}
 e - a scroll of acquirement {unknown}
 g - a scroll of blinking {unknown}
Potions
 a - a potion of magic
 h - a potion of enlightenment {unknown}
 i - a potion of lignification {unknown}


   Skills:
 - Level 2.0 Dodging
 - Level 2.6 Stealth
 + Level 3.2 Spellcasting
 - Level 1.0 Conjurations
 * Level 5.5 Alchemy


You had 5 spell levels left.
You knew the following spells:

 Your Spells              Type           Power      Damage    Failure   Level
a - Sting                 Conj/Alch      60%        1d6       7%          1
b - Olgreb's Toxic Radia  Alch           24%        N/A       26%         4

Your spell library contained the following spells:

 Spells                   Type           Power      Damage    Failure   Level
 Mercury Vapours          Alch/Air       26%        N/A       12%         2
 Mephitic Cloud           Conj/Alch/Air  11%        N/A       30%         3
 Sticky Flame             Fire/Alch      13%        2d5       63%         4


Dungeon Overview and Level Annotations

Branches:
Dungeon (4/15)
 Temple: D:4-7

Altars:
Yredelemnul

Annotations:
D:4 Ijyb


Innate Abilities, Weirdness & Mutations

You cannot wear most types of armour.
You are amphibious.
You can wear up to eight rings at the same time.
Your skin changes colour to match your surroundings (Stealth+).
Your rubbery body absorbs attacks. (AC +1, EV +1)
((You are camouflaged when in or above water. (Stealth+)))
You have tentacles for arms and can constrict up to eight enemies at once.


Message History

There is a web here.
The web tears apart.
The ribbon worm expels a string of sticky webbing.
The stream of webbing hits you but does no damage.
You are caught in a web!
The web tears apart.
The ribbon worm expels a string of sticky webbing.
The stream of webbing hits you but does no damage.
You are caught in a web!
You struggle to detach yourself from the web.
The ribbon worm expels a string of sticky webbing.
The stream of webbing hits you but does no damage.
You are even more entangled.
Your magical contamination has completely faded away.
The web tears apart.
The ribbon worm looks more healthy.
You hit the ribbon worm. You grab the ribbon worm. You squeeze the ribbon worm.
You kill the ribbon worm!
You see here a ribbon worm corpse.
Found an escape hatch in the ceiling.
A bombardier beetle comes into view.
Unknown command.
The bombardier beetle sprays incendiary fluid at you.
You block the burning spray.
Casting: Sting (safe; 7% risk of failure)
Confirm with . or Enter, or press ? or * to list all spells.
You can't see any susceptible monsters within range! (Use Z to cast anyway.)
Casting: Sting (safe; 7% risk of failure)
Confirm with . or Enter, or press ? or * to list all spells.
Aiming: Sting (safe; 7% risk of failure)
Press: ? - help, Shift-Dir - straight line, f - bombardier beetle
Aim: a bombardier beetle (83% to hit)
The sting hits the bombardier beetle but does no damage.
The bombardier beetle is poisoned.
The bombardier beetle sprays incendiary fluid at you.
You block the burning spray.
Casting: Sting (safe; 7% risk of failure)
Confirm with . or Enter, or press ? or * to list all spells.
Aiming: Sting (safe; 7% risk of failure)
Press: ? - help, Shift-Dir - straight line, f/p - bombardier beetle
Aim: a bombardier beetle (lightly wounded, poisoned, 83% to hit)
The sting hits the bombardier beetle.
The bombardier beetle looks even sicker.
The bombardier beetle is lightly wounded.
Casting: Sting (safe; 7% risk of failure)
Confirm with . or Enter, or press ? or * to list all spells.
Aiming: Sting (safe; 7% risk of failure)
Press: ? - help, Shift-Dir - straight line, f/p - bombardier beetle
Aim: a bombardier beetle (moderately wounded, very poisoned, 83% to hit)
You miscast Sting.
You are very lightly contaminated with residual magic.
Nothing appears to happen.
You kill the bombardier beetle!
You have reached level 5!
You feel agile.
Your magical contamination has completely faded away.
Ijyb the Twisted Goblin comes into view.
She is wielding a +1 spectral club and carrying a wand of polymorph.
Ijyb is nearby!
Ijyb is nearby!
Casting: Sting (safe; 7% risk of failure)
Confirm with . or Enter, or press ? or * to list all spells.
Aiming: Sting (safe; 7% risk of failure)
Press: ? - help, Shift-Dir - straight line, f - Ijyb
Aim: Ijyb, wielding a +1 spectral club, wearing a +0 chain mail and carrying a wand of polymorph (74% to hit)
You miscast Sting.
You are very lightly contaminated with residual magic.
Nothing appears to happen.
Casting: Sting (safe; 7% risk of failure)
Confirm with . or Enter, or press ? or * to list all spells.
Aiming: Sting (safe; 7% risk of failure)
Press: ? - help, Shift-Dir - straight line, f/p - Ijyb
Aim: Ijyb, wielding a +1 spectral club, wearing a +0 chain mail and carrying a wand of polymorph (74% to hit)
The sting hits Ijyb.
Ijyb is poisoned.
Ijyb is lightly wounded.
Ijyb misses you. The +1 spectral club hits you.
A +1 spectral club comes into view.
You hit Ijyb. You grab Ijyb.
Ijyb is moderately wounded.
You constrict Ijyb, but do no damage. Ijyb hits you with a +1 spectral club.
The +1 spectral club hits you but does no damage.
You hit Ijyb but do no damage.
Ijyb is moderately wounded.
You constrict Ijyb, but do no damage. Ijyb hits you with a +1 spectral club!
The +1 spectral club hits you.
Casting: Sting (safe; 7% risk of failure)
Confirm with . or Enter, or press ? or * to list all spells.
Aiming: Sting (safe; 7% risk of failure)
Press: ? - help, Shift-Dir - straight line, f/p - Ijyb
Aim: Ijyb, wielding a +1 spectral club, wearing a +0 chain mail and carrying a wand of polymorph (moderately wounded, constricted by you, poisoned, 100% to hit)
The sting hits Ijyb.
Ijyb looks even sicker.
Ijyb is heavily wounded.
You constrict Ijyb, but do no damage. The +1 spectral club hits you. x2
* * * LOW HITPOINT WARNING * * *
You block Ijyb's attack.
You block the +1 spectral club's attack.
The +1 spectral club misses you.
You hit Ijyb but do no damage.
Ijyb is heavily wounded.
You constrict Ijyb, but do no damage. You block Ijyb's attack.
The +1 spectral club hits you.
You die...

###.##..... ....
#....#....# ....
.........# ....
#.##....#### .. ..##
#.........# #.#
#.........##..### ##
##..............##.#.
...#....................
#..$..g@...............#
#....<.(.#...##....... #
........###†.#.........#
........#...............
........##..............
........#..............#
......................
.....................
..##..............


You could see a +1 spectral club (wandering) and Ijyb (very poisoned).

Vanquished Creatures
  2 bombardier beetles
  An iguana (D:4)
  A hound zombie (D:3)
  2 adders (D:4)
  2 dart slugs
  2 ribbon worms
  An orc (D:3)
  A giant cockroach (D:2)
  A goblin (D:2)
  2 ball pythons (D:2)
  A ball python zombie (D:3)
  A bat (D:2)
  A frilled lizard (D:2)
  A kobold (D:3)
  A rat (D:2)
20 creatures vanquished.

Notes
Turn   | Place    | Note
-------+----------+-------------------------------------------
     0 | D:1      | Flugslaktarn the Octopode Alchemist began the quest for the
                  | Orb.
     0 | D:1      | Reached XP level 1. HP: 11/11 MP: 3/3
   130 | D:2      | Reached XP level 2. HP: 14/17 MP: 0/5
   259 | D:3      | Noticed a bombardier beetle
   270 | D:3      | Killed a bombardier beetle
   271 | D:3      | Reached skill level 4 in Alchemy
   271 | D:3      | Reached XP level 3. HP: 15/21 MP: 0/6
   295 | D:3      | Reached XP level 4. HP: 24/27 MP: 3/8
   295 | D:3      | Found a basalt altar of Yredelemnul.
   381 | D:4      | Learned a level 4 spell: Olgreb's Toxic Radiance
   403 | D:4      | Reached skill level 5 in Alchemy
   542 | D:4      | Reached XP level 5. HP: 31/31 MP: 5/9
   545 | D:4      | Noticed Ijyb
   555 | D:4      | Slain by a +1 spectral club

Illustrated notes

Levels and vault maps discovered:
D:1:      sevenhm_arrival_forest_fort_small_4, layout_basic,
          shapermc_ecumenical_altar_acropolis
D:2:      layout_basic, grunt_decor_mini_mirrors
D:3:      layout_rooms, nicolae_yredelemnul_corpse_copse,
          gammafunk_ghost_abyssal_escape
D:4:      layout_cave_pools, general_overflow_altar, temple_hall,
          chequers_serial_rivers_micro_b, chequers_serial_rivers_small_3,
          uniq_ijyb

Skill      XL: |  1  2  3  4 |
---------------+-------------+-----
Alchemy        | 4 5 |  5.5
Spellcasting   | 3 |  3.2
Dodging        | |  2.0
Stealth        | |  2.6
Conjurations   | |  1.0

Action                     |  1- 3 |  4- 6 || total
---------------------------+-------+-------++-------
  Melee: Unarmed           |    11 |       ||    11
         Constrict         |     6 |     5 ||    11
         Tentacles         |     4 |     2 ||     6
         Rapier            |    11 |    14 ||    25
   Cast: Sting             |    12 |    15 ||    27
    Use: Potion            |       |     1 ||     1
   Stab: Sleeping          |     2 |       ||     2
 Armour: Skin              |     9 |    17 ||    26
  Dodge: Dodged            |     9 |     9 ||    18
  Block: Buckler           |     4 |     7 ||    11

Table legend: (Time is in decaauts)
 A = Elapsed time spent in this place.
 B = Non-inter-level travel time spent in this place.
 C = Inter-level travel time spent in this place.
 D = Time resting spent in this place.
 E = Time spent auto-exploring this place.
 F = Levels seen in this place.
 G = Mean time per level.
                   A        B        C        D        E       F      G
               +--------+--------+--------+--------+--------+-----+--------+
         Total |    561 |    515 |     46 |     11 |    245 |   4 |  140.2 |
       Dungeon |    561 |    515 |     46 |     11 |    245 |   4 |  140.2 |
               +--------+--------+--------+--------+--------+-----+--------+

Top non-repeatable levels by time:
     D:4: 205 daAuts
     D:2: 197 daAuts
     D:3: 146 daAuts
     D:1: 12 daAuts
